 Dungeon Crawl Stone Soup version 0.17-a0-989-gada8a91 (webtiles) character file.

121 Jine the Ruffian (level 4, -2/45 HPs)
             Began as a Troll Monk on May 12, 2015.
             Slain by Sigmund
             ... wielding a +0 scythe
              (9 damage)
             ... on level 2 of the Dungeon.
             The game lasted 00:07:24 (1906 turns).

Jine the Ruffian (Troll Monk)                       Turns: 1906, Time: 00:07:25

Health: -2/45      AC:  5    Str: 20      XL:     4   Next: 76%
Magic:  3/3        EV: 11    Int:  3 (6)  God:
Gold:   93         SH:  0    Dex: 12      Spells: 0 memorised, 3 levels left

rFire  . . .     SeeInvis .       - Unarmed
rCold  . . .     Clarity  .     a - +0 robe
rNeg   . . .     SustAb   .     (no shield)
rPois  .         Gourm    +     (helmet restricted)
rElec  .         Spirit   .     (no cloak)
rCorr  .         Warding  .     (gloves unavailable)
rMut   .         Stasis   .     (boots unavailable)
MR     .....                    (no amulet)
Stlth  +.........               (no ring)
                                (no ring)

@: not resistant to hostile enchantments, very unstealthy
A: unfitting armour, claws 3, fast metabolism 3, gourmand, regeneration 2,
shaggy fur 1, tough skin 2
a: no special abilities


You were on level 2 of the Dungeon.
You were very full.

You visited 1 branch of the dungeon, and saw 2 of its levels.

You collected 93 gold pieces.

Inventory:

Armour
 a - a +0 robe (worn)
 h - a +1 centaur barding
Jewellery
 j - an uncursed amulet of resist mutation {unknown}
 k - a cursed amulet of inaccuracy {unknown}
Magical devices
 d - a wand of polymorph (7)
Scrolls
 e - a scroll of identify {unknown}
 g - a scroll of remove curse {unknown}
 l - a scroll of recharging {unknown}
Potions
 i - a potion of agility {unknown}
Comestibles
 b - a bread ration
 c - 10 chunks of flesh


   Skills:
 + Level 3.0 Fighting
 + Level 3.2 Dodging
 + Level 1.2 Stealth
 + Level 5.0 Unarmed Combat


You had 3 spell levels left.
You didn't know any spells.

Dungeon Overview and Level Annotations

Branches:
Dungeon (2/15)

Altars:
Cheibriados

Annotations:
D:2 Sigmund


Innate Abilities, Weirdness & Mutations

You are too large for most types of armour.
You have claws for hands.
Your metabolism is lightning-fast.
You like to eat raw meat.
You heal very quickly.
You are covered in fur (AC +1).
You have very tough skin (AC +2).


Message History

Something hits you! Something hits you!
Found a scroll labeled KEVEBR INUBODGH.
You completely miss something. You claw something! Something hits you.
You feel less confused.
You hear some strange, mumbled words.
You are confused.
Something hits you!
You bump into the rock wall.
You miss something. Something hits you but does no damage. Something hits you!
* * * LOW HITPOINT WARNING * * *
You bump into the rock wall.
Something hits you.
* * * LOW HITPOINT WARNING * * *
You miss something. Something hits you.
* * * LOW HITPOINT WARNING * * *
You feel less confused.
You scratch something. Something hits you!
You die...

#.# #####........#.. #.#
#######............#.. #.#
#.....#......#######.. #.#
#..>..#......# #.. #.#
#.....######## #.. #.#
.?...###### ##. #.#
........##### #. #.#
#......##...#####. #.#
#@{....##.........
#.########......##.........
#..........................
##########......##.........
#......# #...... #......#
#..÷÷.. ######## #..÷.÷.
#...... #.#####


There were no monsters in sight!

Vanquished Creatures
  Robin (D:2)
  4 adders (D:2)
  3 worms (D:2)
  A giant gecko (D:1)
  2 giant cockroaches
  7 hobgoblins
  3 quokkas (D:2)
  A ball python (D:1)
  4 bats
  A giant newt (D:1)
  14 goblins
  4 jackals (D:2)
  7 kobolds
  8 rats
60 creatures vanquished.

Notes
Turn   | Place    | Note
--------------------------------------------------------------
     0 | D:1      | Jine the Troll Monk began the quest for the Orb.
     0 | D:1      | Reached XP level 1. HP: 22/22 MP: 0/0
   378 | D:1      | Reached XP level 2. HP: 17/29 MP: 1/1
  1312 | D:2      | Reached XP level 3. HP: 27/36 MP: 2/2
  1497 | D:2      | Reached XP level 4. HP: 2/44 MP: 3/3
  1498 | D:2      | HP: 2/44 [poisoned by an adder]
  1615 | D:2      | Found a snail-covered altar of Cheibriados.
  1645 | D:2      | Noticed Robin
  1695 | D:2      | Killed Robin
  1878 | D:2      | Reached skill level 5 in Unarmed Combat
  1881 | D:2      | Noticed Sigmund
  1906 | D:2      | Slain by Sigmund

Vault maps used:
D:1:      minmay_arrival_glassed_features, serial_co_window_serial,
          co_window_paths_b, co_window_of_opportunity_a, co_window_paths_a,
          co_window_paths_a, co_window_corner_a, co_window_of_opportunity_a,
          co_window_paths_a, co_window_corner_cb, co_window_paths_c,
          co_window_2corner, co_window_paths_c, co_window_paths_c,
          co_window_unsneaky_path_e, co_window_4corner_a, glass_columns_a
D:2:      cheibriados_altar_1, uniq_iyjb, uniq_sigmund, uniq_natasha, uniq_robin

Action                   |  1- 3 |  4- 6 || total
-------------------------+-------+-------++-------
Melee: Unarmed           |   115 |    65 ||   180
  Use: Potion            |       |     3 ||     3
 Stab: Invisible         |       |     5 ||     5
  Eat: Chunk             |    14 |     4 ||    18
       Bread ration      |     1 |       ||     1
